AoeStats
← rakunt

Arabian Desert

508708169Analyzed
1v1 RM · 10d ago on Sep 23, 2026· 54m 46s· 2 players
Game mode
Random Map
Map size
Tiny (2 player)
Population
200
Speed
Normal
Resources
Standard
Victory
Conquest
Starting age
Dark Age
Ending age
Imperial Age
RankedLock teamsTeams togetherTeam positionsShared explorationLock speedFull tech treeHidden civsTurbo modeCheats
Victory
Defeat
🇩🇪 Persians · Germany
868
+18
🇨🇱 Turks · Chile
903
-18
Gustav456
7:01 Loom
10:02 Feudal Age
10:39 Double-Bit Axe
13:19 Fletching
18:17 Wheelbarrow
19:28 Padded Archer Armor
22:03 Castle Age
20:12 Town Watch
20:11 Horse Collar
23:12 Bow Saw
23:01 Crossbowman
25:12 Pikeman
26:47 Hand Cart
26:50 Bodkin Arrow
28:00 Thumb Ring
28:39 Scale Barding Armor
28:51 Leather Archer Armor
32:30 Scale Mail Armor
32:43 Town Patrol
37:34 Husbandry
37:45 Forging
40:53 Stone Mining
44:51 Imperial Age
44:52 Chain Barding Armor
45:08 Iron Casting
45:41 Cavalier
46:35 Halberdier
47:52 Plate Barding Armor
49:37 Savar
54:49 Blast Furnace
rakunt
11:58 Feudal Age
11:18 Loom
13:52 Double-Bit Axe
13:52 Horse Collar
23:27 Castle Age
22:10 Gold Mining
25:33 Gold Shaft Mining
25:20 Husbandry
26:35 Heavy Plow
29:37 Bow Saw
33:39 Bloodlines
36:43 Stone Mining
42:55 Wheelbarrow
43:30 Scale Barding Armor
54:59 Chain Barding Armor
57:24 Imperial Age
Connection lost

Rejoining the realm…

Still unreachable

The connection could not be restored.

Session expired

The server has moved on; the page needs a fresh start.